 Dungeon Crawl Stone Soup version 0.22.0 (webtiles) character file.

1516 Frostfox the Shield-Bearer (level 8, 0/67 HPs)
             Began as a Gnoll Fighter on Aug 28, 2018.
             Slain by an orc warrior
             ... wielding a +0 halberd
              (9 damage)
             ... on level 6 of the Dungeon.
             The game lasted 00:12:10 (5708 turns).

Frostfox the Shield-Bearer (Gnoll Fighter)          Turns: 5708, Time: 00:12:11

Health: 0/67       AC: 13    Str: 20    XL:     8   Next: 83%
Magic:  13/13      EV:  7    Int: 11    God:
Gold:   277        SH: 10    Dex: 15    Spells: 14/14 levels left

rFire    + . .     SeeInvis .   z - +3 short sword
rCold    . . .     Gourm    .   c - +0 shield
rNeg     . . .     Faith    .   F - +2 chain mail {MR+}
rPois    .         Spirit   .   (no helmet)
rElec    .         Reflect  .   p - +0 cloak
rCorr    .         Harm     .   (no gloves)
MR       +....                  (no boots)
Stlth    ..........             n - amulet of the acrobat
HPRegen  0.21/turn              q - ring of protection from fire
MPRegen  0.13/turn              (no ring)

@: heavily drained
A: distributed training, fangs 1, clumsy 1, strong 1, evolution 1, strong nose
a: no special abilities


You were on level 6 of the Dungeon.
You were very hungry.

You visited 1 branch of the dungeon, and saw 7 of its levels.

You collected 277 gold pieces.

Inventory:

Hand Weapons
 a - a +0 long sword
 v - a +0 short sword of draining
 x - a +2 scythe of slicing
 z - a +3 short sword (weapon)
 E - a +0 rapier of speed
 G - a +1 great sword
 H - a +0 hunting sling
Missiles
 h - 17 sling bullets
 i - 92 stones (quivered)
 w - 67 bolts
 J - 27 arrows
Armour
 b - a +0 scale mail
 c - a +0 shield (worn)
 p - a +0 cloak (worn)
 u - a +0 ring mail
 F - a +2 chain mail of magic resistance (worn)
Jewellery
 n - an amulet of the acrobat (around neck)
 q - a ring of protection from fire (left hand)
Wands
 A - a wand of disintegration (6)
Scrolls
 e - a scroll of amnesia
 g - 3 scrolls of teleportation
 r - a scroll of enchant weapon {unknown}
 s - a scroll of enchant armour {unknown}
 y - 4 scrolls of remove curse
 C - a scroll of noise {unknown}
Potions
 d - a potion of mutation
 k - 2 potions of brilliance
 l - 2 potions of flight
 t - a potion of haste
 B - 2 potions of lignification {unknown}
 D - 2 potions of curing {unknown}
Comestibles
 f - 7 rations


   Skills:
 + Level 7.5(5.8) Fighting
 + Level 3.5(2.0) Short Blades
 + Level 5.8(4.2) Long Blades
 + Level 3.5(2.0) Axes
 + Level 3.5(2.0) Maces & Flails
 + Level 3.5(2.0) Polearms
 + Level 3.5(2.0) Staves
 + Level 3.5(2.0) Slings
 + Level 3.5(2.0) Bows
 + Level 3.5(2.0) Crossbows
 + Level 3.5(2.0) Throwing
 + Level 7.5(5.8) Armour
 + Level 3.5(2.0) Dodging
 + Level 3.5(2.0) Stealth
 + Level 7.5(5.8) Shields
 + Level 3.5(2.0) Unarmed Combat
 + Level 3.5(2.0) Spellcasting
 + Level 2.9(1.4) Conjurations
 + Level 2.9(1.4) Hexes
 + Level 2.9(1.4) Charms
 + Level 2.9(1.4) Summonings
 + Level 2.9(1.4) Necromancy
 + Level 2.9(1.4) Translocations
 + Level 2.9(1.4) Transmutations
 + Level 2.9(1.4) Fire Magic
 + Level 2.9(1.4) Ice Magic
 + Level 2.9(1.4) Air Magic
 + Level 2.9(1.4) Earth Magic
 + Level 2.9(1.4) Poison Magic
 + Level 3.9(2.3) Invocations
 + Level 3.5(2.0) Evocations


You had 14 spell levels left.
You didn't know any spells.
Your spell library contained the following spells:

 Spells                   Type           Power        Failure   Level  Hunger
 Fireball                 Conj/Fire      #.........   100%        5    ######.
 Conjure Flame            Conj/Fire      #.......     100%        3    ####...
 Throw Flame              Conj/Fire      #.....       100%        2    ###....
 Sticky Flame             Conj/Fire      #.......     100%        4    #####..
 Flame Tongue             Conj/Fire      #....        99%         1    ##.....
 Inner Flame              Hex/Fire       #.......     100%        3    ####...


Dungeon Overview and Level Annotations

Branches:
Dungeon (7/15)
 Temple: D:4-7

Altars:
Cheibriados
Elyvilon
Ru
The Shining One

Shops:
D:4 *


Innate Abilities, Weirdness & Mutations

Your experience applies equally to all skills.
You have very sharp teeth.
Your uncanny sense of smell can sniff out nearby items.
You are clumsy. (Dex -2)
Your muscles are strong. (Str +2)
You evolve.


Message History

The orc warrior is moderately wounded.
The orc warrior hits you with a halberd.
You closely miss the orc warrior.
The orc warrior is moderately wounded.
The orc warrior hits you but does no damage.
You hit the orc warrior but do no damage.
The orc warrior is moderately wounded.
You hit the orc warrior. You bite the orc warrior.
The orc warrior is heavily wounded.
The orc warrior hits you with a halberd!
* * * LOW HITPOINT WARNING * * *
You hit the orc warrior but do no damage.
Your bite misses the orc warrior.
The orc warrior is heavily wounded.
The orc warrior hits you with a halberd!
* * * LOW HITPOINT WARNING * * *
You hit the orc warrior.
The orc warrior is severely wounded.
The orc warrior hits you with a halberd!
You die...

####.###.##.#.#
#......#.##.#.#
#......#.##.#.#
#......#.##.#.######### #
#......#.##.#.........#
####....[.#.#[.#...#####.#
..............>#.#.....#.#
..#.......#.#[.#.....#.#.#
#.#.......#.#..#@..#.#.#.#
#.#.......#.#..#o#...#.#.#
#.#.###.###.#..#..<....#.#
#.#.# #.###.#..###.#####.#
#.#.# #.#...#............#
#.#.# #.#.####.###.#######
#o# #......# #.#
#.#.###.######## #.#
a.......# #.#


You could see an orc warrior.

Vanquished Creatures
  Sigmund (D:4)
  A water moccasin (D:4)
  A phantom (D:6)
  An ice beast (D:5)
  A bullfrog (D:6)
  Blork the orc (D:6)
  2 scorpions
  5 wights (D:6)
  A howler monkey (D:4)
  A centaur zombie (D:5)
  2 hounds
  2 jellies (D:6)
  An orc wizard (D:4)
  A centaur skeleton (D:5)
  Natasha (twice) (D:3)
  3 iguanas
  A hound zombie (D:5)
  A hound skeleton (D:4)
  Robin (D:3)
  9 adders
  4 gnolls (D:4)
  An ooze (D:1)
  An adder skeleton (D:4)
  3 worms (D:2)
  2 dart slugs
  2 leopard geckos (D:3)
  4 orcs (D:4)
  7 bats
  4 giant cockroaches
  10 goblins
  11 hobgoblins
  11 jackals
  2 quokkas
  3 ball pythons
  4 frilled lizards
  7 kobolds
  A leopard gecko skeleton (D:4)
  5 rats
120 creatures vanquished.

Notes
Turn   | Place    | Note
-------+----------+-------------------------------------------
     0 | D:1      | Frostfox the Gnoll Fighter began the quest for the Orb.
     0 | D:1      | Reached XP level 1. HP: 23/23 MP: 1/1
    50 | D:1      | Reached XP level 2. HP: 27/29 MP: 2/2
   314 | D:1      | Reached XP level 3. HP: 35/35 MP: 3/3
   851 | D:2      | Found a white marble altar of Elyvilon.
   875 | D:2      | Reached skill level 1 in Invocations
  1085 | D:2      | Reached skill level 1 in Short Blades
  1085 | D:2      | Reached skill level 1 in Axes
  1085 | D:2      | Reached skill level 1 in Maces & Flails
  1085 | D:2      | Reached skill level 1 in Polearms
  1085 | D:2      | Reached skill level 1 in Staves
  1085 | D:2      | Reached skill level 1 in Slings
  1085 | D:2      | Reached skill level 1 in Bows
  1085 | D:2      | Reached skill level 1 in Crossbows
  1085 | D:2      | Reached skill level 1 in Throwing
  1085 | D:2      | Reached skill level 1 in Dodging
  1085 | D:2      | Reached skill level 1 in Stealth
  1085 | D:2      | Reached skill level 1 in Unarmed Combat
  1085 | D:2      | Reached skill level 1 in Spellcasting
  1085 | D:2      | Reached skill level 1 in Evocations
  1099 | D:2      | Reached XP level 4. HP: 36/41 MP: 5/5
  1533 | D:2      | Reached skill level 1 in Conjurations
  1533 | D:2      | Reached skill level 1 in Hexes
  1533 | D:2      | Reached skill level 1 in Charms
  1533 | D:2      | Reached skill level 1 in Summonings
  1533 | D:2      | Reached skill level 1 in Necromancy
  1533 | D:2      | Reached skill level 1 in Translocations
  1533 | D:2      | Reached skill level 1 in Transmutations
  1533 | D:2      | Reached skill level 1 in Fire Magic
  1533 | D:2      | Reached skill level 1 in Ice Magic
  1533 | D:2      | Reached skill level 1 in Air Magic
  1533 | D:2      | Reached skill level 1 in Earth Magic
  1533 | D:2      | Reached skill level 1 in Poison Magic
  1638 | D:3      | Found a glowing golden altar of the Shining One.
  1935 | D:3      | Noticed Natasha
  1938 | D:3      | Killed Natasha
  1938 | D:3      | Reached XP level 5. HP: 47/47 MP: 6/6
  1949 | D:3      | Noticed Robin
  1965 | D:3      | Killed Robin
  2072 | D:3      | Noticed Natasha
  2085 | D:3      | Killed Natasha
  2461 | D:4      | Reached XP level 6. HP: 44/53 MP: 8/8
  2467 | D:4      | Noticed Sigmund
  2638 | D:4      | Killed Sigmund
  2638 | D:4      | Reached skill level 5 in Long Blades
  2638 | D:4      | Reached XP level 7. HP: 34/59 MP: 8/10
  3081 | D:4      | Found a sacrificial altar of Ru.
  3274 | D:4      | Found Diawn's Serpentskin Sales.
  3683 | D:5      | Entered Level 5 of the Dungeon
  3772 | D:5      | Reached XP level 8. HP: 67/67 MP: 12/12
  3794 | D:5      | Found a snail-covered altar of Cheibriados.
  4516 | D:6      | Noticed Blork the orc
  4524 | D:6      | Killed Blork the orc
  5675 | D:6      | Gained mutation: You are clumsy. (Dex -2) [potion of mutation]
  5675 | D:6      | Gained mutation: You evolve. [potion of mutation]
  5675 | D:6      | Gained mutation: Your muscles are strong. (Str +2) [potion of mutation]
  5708 | D:6      | Slain by an orc warrior

Skill      XL: |  1  2  3  4  5  6  7  8 |
---------------+-------------------------+-----
Invocations    | 1 2 3 |  3.9
Short Blades   | 1 2 3 |  3.5
Axes           | 1 2 3 |  3.5
Maces & Flails | 1 2 3 |  3.5
Polearms       | 1 2 3 |  3.5
Staves         | 1 2 3 |  3.5
Slings         | 1 2 3 |  3.5
Bows           | 1 2 3 |  3.5
Crossbows      | 1 2 3 |  3.5
Throwing       | 1 2 3 |  3.5
Dodging        | 1 2 3 |  3.5
Stealth        | 1 2 3 |  3.5
Unarmed Combat | 1 2 3 |  3.5
Spellcasting   | 1 2 3 |  3.5
Evocations     | 1 2 3 |  3.5
Conjurations   | 1 2 |  2.9
Hexes          | 1 2 |  2.9
Charms         | 1 2 |  2.9
Summonings     | 1 2 |  2.9
Necromancy     | 1 2 |  2.9
Translocations | 1 2 |  2.9
Transmutations | 1 2 |  2.9
Fire Magic     | 1 2 |  2.9
Ice Magic      | 1 2 |  2.9
Air Magic      | 1 2 |  2.9
Earth Magic    | 1 2 |  2.9
Poison Magic   | 1 2 |  2.9
Long Blades    | 5 |  5.8
Fighting       | 7 |  7.5
Armour         | 7 |  7.5
Shields        | 7 |  7.5

Action                   |  1- 3 |  4- 6 |  7- 9 || total
-------------------------+-------+-------+-------++-------
Melee: Long sword        |   109 |   112 |    86 ||   307
       Bite              |    12 |    11 |    40 ||    63
       Rapier            |       |       |    86 ||    86
       Short sword       |       |       |    82 ||    82
  Use: Scroll            |     3 |     4 |     7 ||    14
       Potion            |       |     3 |     5 ||     8
  Eat: Chunk             |     1 |     3 |     4 ||     8
       Ration            |       |       |     2 ||     2
Armor: Scale mail        |    44 |    35 |    34 ||   113
       Skin              |       |     8 |       ||     8
       Chain mail        |       |       |    70 ||    70
Dodge: Dodged            |    33 |    53 |    90 ||   176
Block: Shield            |    70 |    95 |   152 ||   317
       Rpst.: Long sword |     6 |    24 |    10 ||    40
